 Dungeon Sprint DCSS version 0.29-a0-757-g358383bc75 (webtiles) character file.

Game seed: 10635987489637404110

130 Hipnos the Firebug (level 4, -2/34 HPs)
             Began as a Draconian Fire Elementalist on June 30, 2022.
             Slain by a neqoxec (4 damage)
             ... in the Dungeon (Sprint II: "The Violet Keep of Menkaure").
             The game lasted 00:00:30 (31 turns).

Hipnos the Firebug (Draconian Fire Elementalist)      Turns: 31, Time: 00:00:30

Health: -2/34      AC:  5    Str: 10      XL:     4   Next: 90%
Magic:  9/9        EV: 12    Int: 17 (18) God:
Gold:   0          SH:  0    Dex: 11      Spells: 10/11 levels left

rFire   . . .      SeeInvis .     - Unarmed
rCold   . . .      Faith    .   (no shield)
rNeg    . . .      Spirit   .   (body armour unavailable)
rPois   .          Reflect  .   (helmet restricted)
rElec   .          Harm     .   (no cloak)
rCorr   .          Rampage  .   (no gloves)
Will    .....      NoTele   +   (no boots)
Stlth   ++........              (no amulet)
HPRegen 0.11/turn               (no ring)
MPRegen 0.11/turn               (no ring)

@: on berserk cooldown, slowed, unable to drink, very slow
A: AC +5, unfitting armour, cold-blooded, low MP 1, inability to drink while
threatened 1, devolution 1
a: no special abilities


You were in the Dungeon.
You visited 1 branch

Inventory:

Scrolls
 f - a scroll of blinking
Potions
 a - 2 potions of magic
 b - a potion of curing
 d - a potion of haste


   Skills:
 + Level 0.5 Fighting
 + Level 3.6 Dodging
 + Level 3.3 Stealth
 + Level 1.5 Unarmed Combat
 + Level 4.3 Spellcasting
 + Level 1.2 Conjurations
 + Level 7.7 Fire Magic


You had 10 spell levels left.
You knew the following spells:

 Your Spells              Type           Power      Damage    Failure   Level
a - Foxfire               Conj/Fire      72%        2x1d7     2%          1

Your spell library contained the following spells:

 Spells                   Type           Power      Damage    Failure   Level
 Scorch                   Fire           58%        2d8       1%          2
 Conjure Flame            Conj/Fire      18%        6-21      8%          3
 Inner Flame              Hex/Fire       16%        N/A       10%         3
 Flame Wave               Conj/Fire      18%        2d6       24%         4


Dungeon Overview and Level Annotations

Branches:
Dungeon (1/1)

Altars:


Innate Abilities, Weirdness & Mutations

Your plain brown scales are hard. (AC +5)
You cannot fit into any form of body armour.
You are cold-blooded and may be slowed by cold attacks.
Your magical capacity is low. (-10% MP)
You occasionally lose the ability to drink potions when taking damage.
You have hidden genetic defects.


Message History

The neqoxec is heavily wounded.
There is a staircase leading out of the dungeon here.
Casting: Foxfire (safe; 2% risk of failure)
Confirm with . or Enter, or press ? or * to list all spells.
You conjure some foxfire!
The neqoxec gestures at you.
Something tries to feed on your intellect!
The foxfire hits the neqoxec.
The neqoxec is heavily wounded.
Casting: Foxfire (safe; 2% risk of failure)
Confirm with . or Enter, or press ? or * to list all spells.
You conjure some foxfire!
The foxfire hits the neqoxec.
The neqoxec is lightly wounded.
The foxfire hits the neqoxec.
The neqoxec is moderately wounded.
Magic courses through your body.
The foxfire hits the neqoxec.
The neqoxec is heavily wounded.
The neqoxec barely misses you. The neqoxec hits you.
* * * LOW HITPOINT WARNING * * *
You feel much better.
The neqoxec hits you but does no damage. x2
You closely miss the neqoxec.
The neqoxec is heavily wounded.
The neqoxec hits you. x2
The neqoxec gestures at you.
Strange energies course through your body.
You occasionally lose the ability to drink potions when threatened.
The neqoxec hits you!
You feel threatened and lose the ability to drink potions!
* * * LOW HITPOINT WARNING * * *
The neqoxec gestures at you.
Strange energies course through your body.
You feel a hidden malignance growing inside you.
The neqoxec hits you.
* * * LOW HITPOINT WARNING * * *
Unknown command.
You hit the neqoxec but do no damage.
Your tail-slap misses the neqoxec.
The neqoxec is heavily wounded.
The neqoxec barely misses you. The neqoxec hits you.
You die... #+# ##.## +3@3+

##3##
#'#
.$.
..##.
###
##


You could see 3 neqoxecs.

Vanquished Creatures
  A neqoxec (D)
1 creature vanquished.

Vanquished Creatures (others)
  3 foxfires (D)
3 creatures vanquished.

Grand Total: 4 creatures vanquished

Notes
Turn   | Place    | Note
-------+----------+-------------------------------------------
     0 | D        | Hipnos the Draconian Fire Elementalist began the quest for
                  | the Orb.
     0 | D        | Reached XP level 1. HP: 14/14 MP: 3/3
     1 | D        | Noticed a neqoxec
     1 | D        | Noticed a neqoxec
     1 | D        | Noticed a neqoxec
     1 | D        | Noticed a neqoxec
    14 | D        | Gained mutation: Your magical capacity is low. (-10% MP) [a
                  | neqoxec]
    20 | D        | Killed a neqoxec
    21 | D        | Reached skill level 1 in Unarmed Combat
    21 | D        | Reached skill level 7 in Fire Magic
    21 | D        | Reached XP level 2. HP: 22/22 MP: 3/6
    21 | D        | Reached XP level 3. HP: 26/27 MP: 3/7
    21 | D        | Reached XP level 4. HP: 33/34 MP: 3/9
    30 | D        | Gained mutation: You occasionally lose the ability to drink
                  | potions when taking damage. [a neqoxec]
    30 | D        | Gained mutation: You have hidden genetic defects. [a
                  | neqoxec]
    31 | D        | Slain by a neqoxec

Illustrated notes

Levels and vault maps discovered:
D:        the_violet_keep_of_menkaure [sprint2_stairs_cluster_1,
          sprint2_shoproom, sprint2_temple, sprint2_basic_supplies,
          sprint2_obstacle_3, sprint2_obstacle_5, sprint2_obstacle_6,
          sprint2_obstacle_4, sprint2_obstacle_2, sprint2_timed_cluster_1,
          sprint2_smallroom_cluster_1, sprint2_smallroom_final_cluster_1,
          sprint2_transparent_cluster_1, sprint2_second_timed_cluster_1,
          sprint2_sniper_area_1, sprint2_heavy_combat_area_1,
          sprint2_mutation_trap_area_1, sprint2_forest_area_1,
          sprint2_light_combat_area_1, sprint2_behind_water_1,
          sprint2_near_end_vault_1]

Skill      XL: |  1 |
---------------+----+-----
Dodging        | 3 |  3.6
Stealth        | 3 |  3.3
Unarmed Combat | 1 |  1.5
Spellcasting   | 4 |  4.3
Fire Magic     | 7 |  7.7
Fighting       | |  0.5
Conjurations   | |  1.2

Action                   |  1- 3 |  4- 6 || total
-------------------------+-------+-------++-------
Melee: Unarmed           |    18 |     5 ||    23
       Tailslap          |     2 |     1 ||     3
       Punch             |       |     1 ||     1
 Cast: Foxfire           |       |     3 ||     3
  Use: Potion            |     1 |     2 ||     3
Armor: Skin              |     1 |     2 ||     3
Dodge: Dodged            |     5 |     3 ||     8

Table legend: (Time is in decaauts)
 A = Elapsed time spent in this place.
 B = Non-inter-level travel time spent in this place.
 C = Inter-level travel time spent in this place.
 D = Time resting spent in this place.
 E = Time spent auto-exploring this place.
 F = Levels seen in this place.
 G = Mean time per level.
                   A        B        C        D        E       F      G
               +--------+--------+--------+--------+--------+-----+--------+
         Total |     28 |     28 |      0 |      0 |      0 |   1 |   28.0 |
       Dungeon |     28 |     28 |      0 |      0 |      0 |   1 |   28.0 |
               +--------+--------+--------+--------+--------+-----+--------+

Top non-repeatable levels by time:
       D: 28 daAuts
